 Dungeon Crawl Stone Soup version 0.22.1 (webtiles) character file.

44 Heatsaber the Charmwright (level 3, 0/18 HPs)
             Began as a Vine Stalker Skald on Sept 19, 2018.
             Slain by a quokka (1 damage)
             ... on level 2 of the Dungeon.
             The game lasted 00:04:49 (1034 turns).

Heatsaber the Charmwright (Vine Stalker Skald)      Turns: 1034, Time: 00:04:50

Health: 0/18       AC:  3    Str: 14    XL:     3   Next: 62%
Magic:  0/7        EV: 11    Int: 13    God:
Gold:   96         SH:  0    Dex: 13    Spells: 1/6 levels left

rFire    . . .     SeeInvis .   a - +0 short sword
rCold    . . .     Gourm    .   (no shield)
rNeg     . . .     Faith    .   b - +0 leather armour
rPois    .         Spirit   +   (no helmet)
rElec    .         Reflect  .   (no cloak)
rCorr    .         Harm     .   (no gloves)
MR       .....                  (no boots)
Stlth    +.........             (no amulet)
HPRegen  0.06/turn              (no ring)
MPRegen  0.10/turn              (no ring)

@: no status effects
A: fangs 2, magic shield, antimagic bite, no potion heal 3, rot immunity
a: no special abilities


You were on level 2 of the Dungeon.
You were hungry.

You visited 1 branch of the dungeon, and saw 2 of its levels.

You collected 96 gold pieces.

Inventory:

Hand Weapons
 a - a +0 short sword (weapon)
Armour
 b - a +0 leather armour (worn)
Scrolls
 f - a scroll of teleportation {unknown}
 g - 3 scrolls of identify {unknown}
 i - a scroll of remove curse {unknown}
 j - 3 scrolls of random uselessness {unknown}
 k - a scroll of amnesia {unknown}
 m - a scroll of enchant weapon {unknown}
Potions
 c - a potion of might {unknown}
 e - a potion of agility {unknown}
 h - a potion of resistance {unknown}
 l - a potion of degeneration {unknown}
 o - 2 potions of curing {unknown}
Comestibles
 d - 2 rations
 n - 2 chunks of flesh


   Skills:
 - Level 1.7 Fighting
 + Level 3.2 Short Blades
 - Level 0.7 Armour
 - Level 1.5 Dodging
 + Level 2.2 Spellcasting
 - Level 3.3 Charms


You had one spell level left.
You knew the following spells:

 Your Spells              Type           Power        Failure   Level  Hunger
a - Infusion              Chrm           ##..         9%          1    ##.....
b - Song of Slaying       Chrm           ##......     12%         2    ###....
c - Shroud of Golubria    Chrm/Tloc      #.........   24%         2    ###....

Your spell library contained the following spells:

 Spells                   Type           Power        Failure   Level  Hunger
 Regeneration             Chrm/Necr      #.........   43%         3    ####...
 Spectral Weapon          Hex/Chrm       #.......     43%         3    ####...


Dungeon Overview and Level Annotations

Branches:
Dungeon (2/15)

Altars:


Innate Abilities, Weirdness & Mutations

You have extremely sharp teeth.
When hurt, damage is shared between your health and your magic reserves.
Your bite disrupts and absorbs the magic of your enemies.
Potions cannot restore your health.
You are immune to rotting.


Message History

You closely miss the quokka.
The quokka is lightly wounded.
The quokka bites you.
* * * LOW HITPOINT WARNING * * *
The quokka closely misses you.
You hit the quokka but do no damage. You bite the quokka, but do no damage.
The quokka is lightly wounded.
The quokka bites you.
* * * LOW HITPOINT WARNING * * *
You barely miss the quokka.
The quokka is lightly wounded.
The quokka closely misses you.
You closely miss the quokka.
The quokka is lightly wounded.
The quokka barely misses you. The quokka bites you.
* * * LOW HITPOINT WARNING * * *
You are feeling hungry.
The quokka bites you.
You die...

#........#.#
##########.#
######## #.#
#......# #.#
#....>.# #.#
#......# #.#
#......# #.#
########......###.#
..............r@..#
#########.w....#####
...((.....#...##
...).####.#...#
.....# #.#...#
.....# #.#.^.#
.....# #.#...#
..!..# #.#...#
.....# #.#...#


You could see a worm and a quokka.

Vanquished Creatures
  An adder (D:2)
  A worm (D:2)
  3 dart slugs
  2 bats
  4 giant cockroaches
  A hobgoblin (D:1)
  3 kobolds
  A frilled lizard (D:1)
  7 goblins
  2 rats (D:2)
25 creatures vanquished.

Notes
Turn   | Place    | Note
-------+----------+-------------------------------------------
     0 | D:1      | Heatsaber the Vine Stalker Skald began the quest for the
                  | Orb.
     0 | D:1      | Reached XP level 1. HP: 11/11 MP: 4/4
    59 | D:1      | Reached XP level 2. HP: 13/15 MP: 6/6
    63 | D:1      | Learned a level 2 spell: Song of Slaying
   523 | D:2      | Reached XP level 3. HP: 13/18 MP: 5/7
   547 | D:2      | Learned a level 2 spell: Shroud of Golubria
  1034 | D:2      | Slain by a quokka

Skill      XL: |  1  2  3 |
---------------+----------+-----
Short Blades   | 2 3 |  3.2
Fighting       | |  1.7
Armour         | |  0.7
Dodging        | |  1.5
Spellcasting   | |  2.2
Charms         | |  3.3

Action                   || total
-------------------------++-------
Melee: Short sword       ||   104
       Bite              ||    26
Armor: Leather armour    ||    26
Dodge: Dodged            ||    68
